 Seeded DCSS version 0.30-a0-371-gad7725a93e (webtiles) character file.

Game seed: 9521878338597866644 (custom seed)

70 innerfire433 the Trooper (level 4, -1/36 HPs)
             Began as a Demonspawn Monk on Nov 21, 2022.
             Was a Priest of Kikubaaqudgha.
             Slain by a gnoll
             ... wielding a +0 flail
              (7 damage)
             ... on level 3 of the Dungeon.
             The game lasted 00:03:42 (1954 turns).

innerfire433 the Trooper (Demonspawn Monk)          Turns: 1954, Time: 00:03:43

Health: -1/36      AC:  2    Str: 13    XL:     4   Next: 3%
Magic:  4/4        EV: 13    Int: 11    God:    Kikubaaqudgha [***...]
Gold:   39         SH:  0    Dex: 16    Spells: 3/3 levels left

rFire   . . .      SeeInvis .    a - +0 mace
rCold   . . .      Faith    .    (no shield)
rNeg    . . .      Spirit   .    b - +0 robe
rPois   +          Reflect  .    (helmet restricted)
rElec   +          Harm     .    (no cloak)
rCorr   .          Rampage  .    (no gloves)
Will    .....                    (no boots)
Stlth   ++........               (no amulet)
HPRegen 0.26/turn                l - ring of poison resistance
MPRegen 0.09/turn                (no ring)

@: no status effects
A: antennae 2, low MP 1, electricity resistance
a: Renounce Religion, Unearth Wretches


You were on level 3 of the Dungeon.
You worshipped Kikubaaqudgha.
Kikubaaqudgha was most pleased with you.
You visited 1 branch of the dungeon, and saw 3 of its levels.

You collected 127 gold pieces.
You spent 88 gold pieces at shops.

Inventory:

Hand Weapons
 a - a +0 mace (weapon)
Armour
 b - a +0 robe (worn)
Jewellery
 l - a ring of poison resistance (left hand)
Scrolls
 e - 2 scrolls of identify {unknown}
 g - a scroll of magic mapping {unknown}
 h - a scroll of torment {unknown}
 i - a scroll of fog {unknown}
 j - 2 scrolls of summoning {unknown}
 k - a scroll of enchant weapon {unknown}


   Skills:
 + Level 3.6 Fighting
 + Level 3.2 Maces & Flails
 + Level 3.2 Dodging
 - Level 2.0 Stealth
 * Level 0.4 Spellcasting
 * Level 0.8 Necromancy


You had 3 spell levels left.
You didn't know any spells.
Your spell library contained the following spells:

 Spells                   Type           Power      Damage    Failure   Level
 Necrotise                Necr           8%         1d4       24%         1
 Magic Dart               Conj           0%         1d3       34%         1
 Cigotuvi's Dreadful Rot  Necr/Pois/Air  0%         N/A       43%         2
 Searing Ray              Conj           0%         2d4       45%         2
 Vampiric Draining        Necr           2%         2d6       58%         3
 Animate Dead             Necr           2%         N/A       94%         4
 Dispel Undead            Necr           2%         3d7       94%         4
 Anguish                  Hex/Necr       0%         N/A       96%         4
 Fulminant Prism          Conj/Hex       0%         3d5       98%         4
 Borgnjor's Vile Clutch   Necr/Erth      0%         N/A       100%        5
 Death Channel            Necr           1%         N/A       100%        6
 Simulacrum               Ice/Necr       0%         N/A       100%        6


Dungeon Overview and Level Annotations

Branches:
Dungeon (3/15)

Altars:
Kikubaaqudgha
Xom

Shops:
D:3 *


Innate Abilities, Weirdness & Mutations

You have a pair of antennae on your head.
Your magical capacity is low. (-10% MP)
You are resistant to electric shocks. (rElec)


Message History

You hit the quokka.
You kill the quokka!
Kikubaaqudgha accepts your kill.
No target in view!
No target in view!
There is an entrance to Iwoun's General Store here.
Unknown command.
c - a potion of mutation Thank you for shopping at Iwoun's General Store!
Really quaff the potion of mutation?
You feel extremely strange.
You feel less energetic.
You feel insulated.
You sense a monster nearby.
A gnoll comes into view. It is wielding a +0 flail.
A gnoll comes into view. It is wielding a +0 halberd.
The gnoll shouts!
A gnoll comes into view. It is wielding a +0 whip.
Found an escape hatch in the floor.
The gnoll shouts! x2
The gnoll closely misses you.
The gnoll moves out of view.
You sock the gnoll!
The gnoll is heavily wounded.
You hit the gnoll.
The gnoll is severely wounded.
The gnoll hits you with a +0 halberd.
You hit the gnoll.
The gnoll is severely wounded.
The gnoll hits you with a +0 whip. The gnoll closely misses you.
You barely miss the gnoll.
The gnoll is severely wounded.
The gnoll hits you with a +0 whip. The gnoll barely misses you. x2
The gnoll hits you with a +0 whip! The gnoll closely misses you.
The gnoll barely misses you.
You are too injured to fight recklessly!
Unknown command.
The gnoll attacks as you move away! The gnoll hits you with a +0 whip!
* * * LOW HITPOINT WARNING * * *
The gnoll attacks as you move away! The gnoll hits you with a +0 flail!
You die...
Kikubaaqudgha rasps: "You have failed me!
Welcome... death!"

.....<[.....######.#
.####.##.##.# #.#
#.##.# .># ..##∩#
.## ...##.# #####.#
#.# #.# #@#
#..>..ggg....#
........###....
#.###.### ## #. #. #


You could see 3 gnolls.

Vanquished Creatures
  2 adders
  3 dart slugs
  5 bats
  3 endoplasms
  A giant cockroach (D:3)
  2 hobgoblins (D:1)
  12 jackals
  2 quokkas
  A ball python (D:1)
  3 frilled lizards
  3 goblins
  2 kobolds
  4 rats
43 creatures vanquished.

Notes
Turn   | Place    | Note
-------+----------+-------------------------------------------
     0 | D:1      | innerfire433 the Demonspawn Monk began the quest for the
                  | Orb.
     0 | D:1      | Reached XP level 1. HP: 18/18 MP: 1/1
   177 | D:1      | Gained mutation: You have a pair of small antennae on your
                  | head. [demonic ancestry]
   177 | D:1      | Reached XP level 2. HP: 4/24 MP: 2/2
  1107 | D:2      | Reached XP level 3. HP: 10/29 MP: 3/3
  1530 | D:2      | Found a faded altar of an unknown god.
  1600 | D:2      | Prayed at the altar of an unknown god.
  1600 | D:2      | Became a worshipper of Kikubaaqudgha
  1600 | D:2      | Reached * piety under Kikubaaqudgha
  1600 | D:2      | Received a gift from Kikubaaqudgha
  1600 | D:2      | Reached ** piety under Kikubaaqudgha
  1718 | D:3      | Found a shimmering altar of Xom.
  1751 | D:3      | Reached *** piety under Kikubaaqudgha
  1751 | D:3      | Received a gift from Kikubaaqudgha
  1900 | D:3      | Gained mutation: You have a pair of antennae on your head.
                  | [demonic ancestry]
  1900 | D:3      | Reached XP level 4. HP: 36/36 MP: 4/4
  1910 | D:3      | Found Iwoun's General Store.
  1933 | D:3      | Bought a potion of mutation for 88 gold pieces
  1933 | D:3      | Gained mutation: Your magical capacity is low. (-10% MP)
                  | [potion of mutation]
  1933 | D:3      | Gained mutation: You are resistant to electric shocks.
                  | (rElec) [potion of mutation]
  1954 | D:3      | Slain by a gnoll

Illustrated notes

Levels and vault maps discovered:
D:1:      dpeg_arrival_lava_altar, layout_loops_ring
D:2:      layout_basic, dreamdust_ecumenical_altar_angels_and_demons
D:3:      layout_loops_ring, lemuel_round_altar, serial_shops, shop

Skill      XL: |  1  2 |
---------------+-------+-----
Stealth        | 2 |  2.0
Maces & Flails | 3 |  3.2
Dodging        | 3 |  3.2
Fighting       | |  3.6
Spellcasting   | |  0.4
Necromancy     | |  0.8

Action                   |  1- 3 |  4- 6 || total
-------------------------+-------+-------++-------
Melee: Mace              |   146 |    17 ||   163
       Punch             |     3 |       ||     3
  Use: Potion            |     4 |     1 ||     5
 Stab: Sleeping          |     9 |       ||     9
Armor: Robe              |    32 |     1 ||    33
       Skin              |    28 |       ||    28
Dodge: Dodged            |   137 |    22 ||   159

Table legend: (Time is in decaauts)
 A = Elapsed time spent in this place.
 B = Non-inter-level travel time spent in this place.
 C = Inter-level travel time spent in this place.
 D = Time resting spent in this place.
 E = Time spent auto-exploring this place.
 F = Levels seen in this place.
 G = Mean time per level.
                   A        B        C        D        E       F      G
               +--------+--------+--------+--------+--------+-----+--------+
         Total |   1992 |   1863 |    129 |      0 |   1472 |   3 |  664.0 |
       Dungeon |   1992 |   1863 |    129 |      0 |   1472 |   3 |  664.0 |
               +--------+--------+--------+--------+--------+-----+--------+

Top non-repeatable levels by time:
     D:1: 913 daAuts
     D:2: 810 daAuts
     D:3: 268 daAuts
